 Dungeon Crawl Stone Soup version 0.28.0-45-g0d030f2227 (webtiles) character file.

Game seed: 7864989323496677634

11 seaoflcl the Skirmisher (level 2, -1/24 HPs)
             Began as a Human Fighter on Apr 10, 2022.
             Killed from afar by a dart slug (3 damage)
             ... with a slug dart
             ... on level 1 of the Dungeon.
             The game lasted 00:00:46 (763 turns).

seaoflcl the Skirmisher (Human Fighter)              Turns: 763, Time: 00:00:47

Health: -1/24      AC:  6    Str: 16    XL:     2   Next: 40%
Magic:  2/2        EV:  8    Int:  8    God:
Gold:   0          SH:  4    Dex: 12    Spells: 1/1 levels left

rFire   . . .      SeeInvis .   a - +0 long sword
rCold   . . .      Faith    .   c - +0 buckler
rNeg    . . .      Spirit   .   b - +0 scale mail
rPois   .          Reflect  .   (no helmet)
rElec   .          Harm     .   (no cloak)
rCorr   .          Rampage  .   (no gloves)
Will    .....                   (no boots)
Stlth   ..........              (no amulet)
HPRegen 0.08/turn               (no ring)
MPRegen 0.08/turn               (no ring)

@: no status effects
A: no striking features
a: no special abilities


You were on level 1 of the Dungeon.
You visited 1 branch of the dungeon, and saw 1 of its levels.

Inventory:

Hand Weapons
 a - a +0 long sword (weapon)
Missiles
 e - 46 stones (quivered)
Armour
 b - a +0 scale mail (worn)
 c - a +0 buckler (worn)
Scrolls
 f - a scroll of enchant weapon {unknown}
 j - a scroll of noise {unknown}
Potions
 d - a potion of might
 g - 2 potions of mutation {unknown}
 h - a potion of heal wounds {unknown}
 i - a potion of attraction {unknown}


   Skills:
 + Level 3.2 Fighting
 + Level 2.3 Long Blades
 + Level 3.1 Armour
 + Level 3.1 Shields


You had one spell level left.
You didn't know any spells.
Your spell library was empty.

Dungeon Overview and Level Annotations

Branches:
Dungeon (1/15)

Altars:


Message History

You kill the quokka!
No target in view!
Found a leather armour.
An endoplasm comes into view.
The endoplasm quivers.
The endoplasm moves out of view.
An endoplasm is nearby!
Found a scroll labelled HAQ OXEJUQI.
The endoplasm freezes you.
You are frozen.
You hit the endoplasm.
The endoplasm is heavily wounded.
You block the endoplasm's attack.
You hit the endoplasm.
The endoplasm is heavily wounded.
The endoplasm freezes you.
You are frozen.
You hit the endoplasm but do no damage.
The endoplasm is heavily wounded.
The endoplasm closely misses you. The endoplasm barely misses you.
You hit the endoplasm.
The endoplasm is severely wounded.
The endoplasm freezes you.
You are frozen.
You hit the endoplasm.
The endoplasm is almost dead.
The endoplasm freezes you.
You are frozen.
* * * LOW HITPOINT WARNING * * *
The endoplasm freezes you.
You are frozen.
* * * LOW HITPOINT WARNING * * *
You see here a scroll labelled HAQ OXEJUQI.
Found a Trismegistus Codex.
A giant cockroach comes into view.
You see here a Trismegistus Codex.
A dart slug comes into view.
The dart slug launches a dart at you. The slug dart hits you.
You die...

#.#....[..#.####
.....#.
.............#.###
##...#.
..............?..#
#...#.
.............#.#.#
#...#.
#.......#.####.#
#.....
##.....######..#######
#.###> ##...##
#.........# #.....
#.....# ##.J#.###.#
#####. ##.†.## #.@#.#
#.. ##.## #....B....
####. #####...#
##.#...... #..#.
....##.### #......w.
#(.'. #.#...#.# ...
..... ####. #.##.##.#
####.....#######..
#....##.#
#.###........
#..####.#
..#............
#..####.#
#.#.###........


You could see a dart slug, an endoplasm and a giant cockroach.

Vanquished Creatures
  A bat (D:1)
  A giant cockroach (D:1)
  2 goblins (D:1)
  A hobgoblin (D:1)
  A quokka (D:1)
  3 ball pythons (D:1)
9 creatures vanquished.

Notes
Turn   | Place    | Note
-------+----------+-------------------------------------------
     0 | D:1      | seaoflcl the Human Fighter began the quest for the Orb.
     0 | D:1      | Reached XP level 1. HP: 18/18 MP: 1/1
   398 | D:1      | Reached XP level 2. HP: 13/24 MP: 2/2
   747 | D:1      | HP: 1/24 [frozen (5)]
   763 | D:1      | Killed from afar by a dart slug

Illustrated notes

Levels and vault maps discovered:
D:1:      tarquinn_simple_flora_water_b, layout_loops_cross,
          amcnicky_mini_corridor_feature, minmay_misc_feat_columns,
          supply_closet_lemuel, nicolae_figureground_sparkle

Action                   || total
-------------------------++-------
Melee: Long sword        ||    36
Armor: Scale mail        ||    18
Dodge: Dodged            ||    11
Block: Buckler           ||     7
